 Dungeon Crawl Stone Soup version 0.30-a0-305-g026cb31310 (webtiles) character file.

Game seed: 2217238294591329794

53 910rd the Cudgeller (level 3, -4/32 HPs)
             Began as an Armataur Fighter on Oct 22, 2022.
             Was an Initiate of Ashenzari.
             Slain by a goblin
             ... wielding a +2 dagger of distortion
             ... led by Robin
              (25 damage)
             ... on level 2 of the Dungeon on Oct 23, 2022.
             The game lasted 00:03:42 (1241 turns).

910rd the Cudgeller (Armataur Fighter)              Turns: 1241, Time: 00:03:43

Health: -4/32      AC:  6    Str: 23    XL:     3   Next: 62%
Magic:  3/3        EV:  7    Int:  8    God:    Ashenzari [......]
Gold:   115        SH:  4    Dex:  9    Spells: 2/2 levels left

rFire   . . .      SeeInvis .    a - +0 flail
rCold   . . .      Faith    .    c - +0 buckler
rNeg    . . .      Spirit   .    b - +0 scale mail
rPois   .          Reflect  .    (no helmet)
rElec   .          Harm     .    (no cloak)
rCorr   .          Roll     +    (no gloves)
Will    .....                    (no barding)
Stlth   ..........               h - amulet of magic regeneration
HPRegen 0.25/turn                (no ring)
MPRegen 0.48/turn                (no ring)

@: no status effects
A: large, rugged brown scales 3, deformed body, armoured tail, roll, long
tongue, awkward tongue
a: Renounce Religion


You were on level 2 of the Dungeon.
You worshipped Ashenzari.
Ashenzari was noncommittal.
You visited 1 branch of the dungeon, and saw 2 of its levels.
You visited the Abyss 1 time.

You collected 115 gold pieces.

Inventory:

Hand Weapons
 a - a +0 flail (weapon)
Missiles
 e - 3 throwing nets (quivered)
Armour
 b - a +0 scale mail (worn)
 c - a +0 buckler (worn)
Jewellery
 h - an amulet of magic regeneration (around neck)
Scrolls
 g - a scroll of silence {unknown}
 j - a scroll of immolation {unknown}
 k - 2 scrolls of poison {unknown}
 l - 2 scrolls of identify {unknown}
Potions
 d - a potion of might
 f - a potion of invisibility {unknown}
 i - a potion of attraction {unknown}


   Skills:
 - Level 2.6 Fighting
 + Level 3.7 Maces & Flails
 - Level 3.6 Armour
 - Level 3.2 Shields


You had 2 spell levels left.
You didn't know any spells.
Your spell library was empty.

Dungeon Overview and Level Annotations

Branches:
Dungeon (2/15) Zot: 10730

Altars:
Ashenzari

Annotations:
D:2 Robin


Innate Abilities, Weirdness & Mutations

You are completely covered in rugged brown scales. (AC +3, +7% HP)
Armour fits poorly on your strangely shaped body.
You have a long armoured tail.
You roll when moving toward enemies. (Rampage)
Your long tongue fully drains potion bottles. (2x potion effects)
Your tongue gives you trouble enunciating. (1.5x scroll delay)


Message History

You closely miss the goblin. You tail-slap the goblin.
The goblin is severely wounded.
A goblin comes into view. It is wielding a +0 club.
The goblin hits you but does no damage. x2
You closely miss the goblin.
The goblin shouts!
Your tail-slap misses the goblin.
The goblin is severely wounded.
The goblin closely misses you. The goblin hits you but does no damage.
The goblin attacks as you move away! The goblin hits you but does no damage.
The goblin closely misses you. The goblin attacks as you move away!
The goblin hits you but does no damage. The goblin attacks as you move away!
The goblin barely misses you.
The goblin unwields a +0 dagger.
The goblin wields a +0 sling.
The goblin shoots a sling bullet.
The sling bullet barely misses you.
You hear a shout! x2
The goblin attacks as you move away! You block the goblin's attack.
Robin throws the goblin at you!
A goblin comes into view.
It is wielding a +2 dagger of distortion.
The goblin barely misses you. Robin throws the goblin at you!
The goblin hits you but does no damage.
You are cast into the Abyss!
This branch contains the abyssal rune of Zot.
Found a gateway leading out of the Abyss.
There is a gateway leading out of the Abyss here.
You pass through the gate.
Welcome back to the Dungeon!
Level annotation: Robin The goblin hits you but does no damage.
The goblin hits you with a +2 dagger of distortion.
Space warps around you. You block the goblin's attack.
You take 3 damage, and have 27/32 hp.
The goblin attacks as you move away! The goblin hits you but does no damage.
Space warps horribly around you!
* * * LOW HITPOINT WARNING * * *
You take 6 damage, and have 21/32 hp.
The goblin attacks as you move away! The goblin hits you but does no damage.
Space warps horribly around you!!
Ouch! That really hurt!
You die...

#. #. #...#.
##.#.#.#######
#............#####
#.##.#..###.......
#.##.#..###.....#.
#.##....<.#.......
#.####......._....
#.#####@####...#........
#......gg...............
#.#####g#########.......
#g# ##.##### #.# #...#
##g# #...# ###..####
#...#
#.......######...####
#.#[###.##...........


You could see Robin and 4 goblins.

Vanquished Creatures
  An adder (D:2)
  A worm (D:2)
  3 endoplasms
  A giant cockroach (D:1)
  6 goblins
  5 hobgoblins
  4 jackals (D:1)
  A quokka (D:2)
  A ball python (D:1)
  6 bats
  2 frilled lizards (D:1)
  3 kobolds
  5 rats (D:1)
39 creatures vanquished.

Vanquished Creatures (others)
  4 toadstools (D:1)
4 creatures vanquished.

Grand Total: 43 creatures vanquished

Notes
Turn   | Place    | Note
-------+----------+-------------------------------------------
     0 | D:1      | 910rd the Armataur Fighter began the quest for the Orb.
     0 | D:1      | Reached XP level 1. HP: 19/19 MP: 1/1
    57 | D:1      | Reached XP level 2. HP: 22/26 MP: 2/2
   871 | D:2      | 910rd: !lg won .
   871 | D:2      | 910rd: !lg .
   871 | D:2      | beem: No games for won (.).
   871 | D:2      | beem: 1123. 910rd the Warrior (L14 AtFi of Nemelex Xobeh),
                  | mangled by a spriggan rider (a +1 vorpal trident) on Lair:5
                  | (gammafunk_ghost_wrathful_warriors) on 2022-10-22 17:22:03,
                  | with 66623 points after 24164 turns and 1:22:15.
   921 | D:2      | Reached XP level 3. HP: 27/32 MP: 3/3
  1068 | D:2      | Found a broken altar of Ashenzari.
  1091 | D:2      | Became a worshipper of Ashenzari the Shackled
  1223 | D:2      | Noticed Robin
  1231 | Abyss:1  | Cast into level 1 of the Abyss (goblin)
  1239 | D:2      | Escaped the Abyss
  1241 | D:2      | Slain by a goblin

Illustrated notes

Levels and vault maps discovered:
D:1:      ldierk_water_garden, layout_basic
D:2:      layout_loops_cross, basic_altar, uniq_robin

Skill      XL: |  1  2 |
---------------+-------+-----
Maces & Flails | 2 3 |  3.7
Fighting       | |  2.6
Armour         | |  3.6
Shields        | |  3.2

Action                   || total
-------------------------++-------
Melee: Flail             ||   110
       Tailslap          ||    13
Armor: Scale mail        ||    67
Dodge: Dodged            ||    48
Block: Buckler           ||    20

Table legend: (Time is in decaauts)
 A = Elapsed time spent in this place.
 B = Non-inter-level travel time spent in this place.
 C = Inter-level travel time spent in this place.
 D = Time resting spent in this place.
 E = Time spent auto-exploring this place.
 F = Levels seen in this place.
 G = Mean time per level.
                   A        B        C        D        E       F      G
               +--------+--------+--------+--------+--------+-----+--------+
         Total |   1276 |   1251 |     25 |     99 |    885 |   3 |  425.3 |
       Dungeon |   1268 |   1243 |     25 |     99 |    885 |   2 |  634.0 |
         Abyss |      7 |      7 |      0 |      0 |      0 |   1 |    7.0 |
               +--------+--------+--------+--------+--------+-----+--------+

Top non-repeatable levels by time:
     D:1: 869 daAuts
     D:2: 399 daAuts
 Abyss:1: 7 daAuts
